 Dungeon Crawl Stone Soup version 0.31-a0-1620-gcbf77bbcfc (webtiles) character file.

Game seed: 15093472969796206666

235 Ivernyr the Shield-Bearer (level 6, -5/48 HPs)
             Began as a Formicid Fighter on Jan 11, 2024.
             Killed by divine providence
             ... invoked by an orc priest
              (9 damage)
             ... on level 3 of the Dungeon.
             The game lasted 00:04:26 (2540 turns).

Ivernyr the Shield-Bearer (Formicid Fighter)        Turns: 2540, Time: 00:04:27

Health: -5/48      AC:  8    Str: 22    XL:     6   Next: 26%
Magic:  6/6        EV:  8    Int:  8    God:
Gold:   159        SH:  9    Dex: 13    Spells: 5/5 levels left

rFire   . . .        a - +0 quarterstaff
rCold   . . .        c - +0 kite shield
rNeg    . . .        b - +0 scale mail
rPois   .            (helmet unavailable)
rElec   .            (no cloak)
rCorr   .            l - +0 pair of gloves
SInv    +            (no boots)
Will    .....        (no amulet) Stlth
                     (no ring)
HPRegen 0.28/turn    (no ring)
MPRegen 0.10/turn

%: no passive effects
@: no status effects
A: permanent stasis, dig shafts and tunnels, antennae 3, four strong arms
a: Dig, Shaft Self


You were on level 3 of the Dungeon.
You visited 1 branch of the dungeon, and saw 3 of its levels.

You collected 159 gold pieces.

Inventory:

Hand Weapons
 a - a +0 quarterstaff (weapon)
Armour
 b - a +0 scale mail (worn)
 c - a +0 kite shield (worn)
 l - a +0 pair of gloves (worn)
Scrolls
 e - 5 scrolls of identify {unknown}
 g - 2 scrolls of fog {unknown}
 i - 2 scrolls of teleportation {unknown}
 k - a scroll of noise {unknown}
 m - a scroll of vulnerability {unknown}
 n - a scroll of brand weapon {unknown}
 q - a scroll of blinking {unknown}
 r - a scroll of enchant weapon {unknown}
 s - a scroll of silence {unknown}
Potions
 d - a potion of might
 f - a potion of curing {unknown}
 h - a potion of brilliance {unknown}
 j - a potion of magic {unknown}
 o - a potion of enlightenment {unknown}
 p - a potion of mutation {unknown}


   Skills:
 + Level 4.3 Fighting
 * Level 4.1 Staves
 + Level 4.4 Armour
 + Level 5.2 Shields


You had 5 spell levels left.
You didn't know any spells.
Your spell library was empty.

Dungeon Overview and Level Annotations

Branches:
Dungeon (3/15)

Altars:
Hepliaklqana
Sif Muna


Innate Abilities, Weirdness & Mutations

You cannot be hasted, slowed, berserked, paralysed or teleported.
You can dig through walls and to a lower floor.
You have a pair of large antennae on your head. (SInv)
Your four strong arms can wield two-handed weapons with a shield.


Message History

You kill the orc!
The bat hits you but does no damage. The bat barely misses you.
You block the bat's attack.
You hit the bat.
You kill the bat!
You block the rat's attack.
You sock the rat!
You kill the rat!
The orc barely misses you.
You barely miss the orc.
The orc priest invokes the aid of Beogh against you.
Beogh smites you! The orc hits you but does no damage.
You sock the orc!
You kill the orc!
You sock the orc!
You kill the orc!
You completely miss the orc priest. The orc priest hits you with a +0 club.
You hit the orc priest but do no damage.
The orc priest closely misses you.
The orc priest invokes the aid of Beogh against you.
Pain shoots through your body!
You closely miss the orc priest.
The orc priest hits you but does no damage.
You closely miss the orc priest.
The orc priest looks braver for a moment.
You hit the orc priest but do no damage.
The orc priest mumbles some strange prayers to Beogh against you.
Beogh smites you!
* * * LOW HITPOINT WARNING * * *
You hit the orc priest but do no damage.
The orc priest hits you with a +0 club.
* * * LOW HITPOINT WARNING * * *
You barely miss the orc priest. The orc priest hits you with a +0 club.
* * * LOW HITPOINT WARNING * * *
You block the orc priest's attack.
You thump the orc priest!
The orc priest is severely wounded.
The orc priest invokes the aid of Beogh against you.
Beogh smites you!
You die...

......# # #PP~~♣~PP ......#
.#.##P~PPPP~ ##...## ...o..~PPP~.
#...# #..##.P~..# #...#######
##........#### #...).....#
#.##.#.....?.#.#### ##...#####.#
#...........#..... ....>......#
#o#.#.......# # ...........#
#@#r?.......# #### ...........#
#.#.........# #... .#....###..#
##.......>...# #..# .#.........#
#............# #.## .#....###.##
#.#.........####.# .#....# #.#
#.#..............## .#....#
#.#####.#...~~~...#.##..# ......#
#.....††...~~~~~..#.##...
......#########....~~.~~....##.##


You could see an orc priest.

Vanquished Creatures
  3 orc priests
  Terence (D:2)
  2 adders
  A river rat (D:3)
  2 dart slugs
  A ribbon worm (D:2)
  10 orcs
  10 bats
  2 endoplasms
  5 giant cockroaches
  2 goblins
  6 hobgoblins
  6 kobolds
  A quokka (D:2)
  13 ball pythons
  7 frilled lizards
  9 rats
81 creatures vanquished.

Notes
Turn   | Place    | Note
-------+----------+-------------------------------------------
     0 | D:1      | Ivernyr the Formicid Fighter began the quest for the Orb.
     0 | D:1      | Reached XP level 1. HP: 18/18 MP: 1/1
   148 | D:1      | Reached XP level 2. HP: 24/24 MP: 2/2
   321 | D:1      | Reached XP level 3. HP: 22/29 MP: 3/3
   677 | D:1      | Found a faded altar of an unknown god.
  1130 | D:2      | Found a hazy altar of Hepliaklqana.
  1172 | D:2      | Noticed Terence
  1182 | D:2      | Killed Terence
  1183 | D:2      | Reached XP level 4. HP: 34/37 MP: 4/4
  1617 | D:2      | Reached XP level 5. HP: 36/42 MP: 5/5
  1729 | D:2      | HP: 2/42 [quokka (2)]
  1909 | D:3      | Reached skill level 5 in Shields
  1956 | D:3      | Reached XP level 6. HP: 48/48 MP: 6/6
  2005 | D:3      | Identified the +1 dagger of Forgiveness {speed, Will+
                  | Dex+7}
  2176 | D:3      | Found a shimmering blue altar of Sif Muna.
  2540 | D:3      | Killed from afar by an orc priest

Illustrated notes

Levels and vault maps discovered:
D:1:      minmay_arrival_hallway, layout_rooms, serial_aquarium,
          aquarium_bridge_island_small [aquarium_subvault_small_open,
          aquarium_subvault_bridge, aquarium_subvault_bridge,
          aquarium_subvault_bridge, aquarium_subvault_bridge],
          aquarium_window_corner, aquarium_window_corridor_1,
          aquarium_window_corner, aquarium_window_fake, aquarium_view_2c,
          aquarium_view_2d, aquarium_balcony_5a, aquarium_pool_side,
          shapermc_ecumenical_altar_mp_vishouse, nrook_campfire, grunt_decor_cap
D:2:      layout_loops_cross, basic_altar, minmay_misc_feat_tower, st_stairs_3,
          nicolae_elevator_lobby_plus, uniq_terence
D:3:      layout_loops_cross, lemuel_blue_sif_altar, portal_sewer_entry_a,
          serial_bayou_lagoon_a

Skill      XL: |  1  2  3  4  5  6 |
---------------+-------------------+-----
Staves         | 3 4 |  4.1
Armour         | 4 |  4.4
Fighting       | 4 |  4.3
Shields        | 5 |  5.2

Action                     |  1- 3 |  4- 6 || total
---------------------------+-------+-------++-------
  Melee: Quarterstaff      |    85 |   124 ||   209
 Armour: Scale mail        |    58 |    84 ||   142
  Dodge: Dodged            |    49 |    47 ||    96
  Block: Buckler           |     6 |       ||     6
         Kite shield       |    30 |    83 ||   113

Table legend: (Time is in decaauts)
 A = Elapsed time spent in this place.
 B = Non-inter-level travel time spent in this place.
 C = Inter-level travel time spent in this place.
 D = Time resting spent in this place.
 E = Time spent auto-exploring this place.
 F = Levels seen in this place.
 G = Mean time per level.
                   A        B        C        D        E       F      G
               +--------+--------+--------+--------+--------+-----+--------+
         Total |   2594 |   2571 |     23 |    283 |   1660 |   3 |  864.7 |
       Dungeon |   2594 |   2571 |     23 |    283 |   1660 |   3 |  864.7 |
               +--------+--------+--------+--------+--------+-----+--------+

Top non-repeatable levels by time:
     D:2: 1031 daAuts
     D:1: 882 daAuts
     D:3: 680 daAuts
